 Dungeon Crawl Stone Soup version 0.29.1-2-gbd0b4ee654 (webtiles) character file.

Game seed: 6991787934777561637

77 FrostSilk the Trooper (level 4, -1/42 HPs)
             Began as a Minotaur Monk on Nov 15, 2022.
             Slain by a gnoll
             ... wielding a +0 halberd
              (9 damage)
             ... on level 3 of the Dungeon.
             The game lasted 00:08:51 (2283 turns).

FrostSilk the Trooper (Minotaur Monk)               Turns: 2283, Time: 00:08:52

Health: -1/42      AC:  6    Str: 23    XL:     4   Next: 14%
Magic:  3/3        EV: 11    Int:  7    God:
Gold:   99         SH:  0    Dex: 13    Spells: 3/3 levels left

rFire   . . .      SeeInvis .   a - +0 mace
rCold   . . .      Faith    .   (no shield)
rNeg    . . .      Spirit   .   g - +0 scale mail
rPois   .          Reflect  .   (helmet restricted)
rElec   .          Harm     .   (no cloak)
rCorr   .          Rampage  .   (no gloves)
Will    .....                   (no boots)
Stlth   ..........              (no amulet)
HPRegen 0.14/turn               d - +6 ring of strength
MPRegen 0.08/turn               (no ring)

@: no status effects
A: horns 2, retaliatory headbutt
a: no special abilities


You were on level 3 of the Dungeon.
You visited 1 branch of the dungeon, and saw 3 of its levels.

You collected 99 gold pieces.

Inventory:

Hand Weapons
 a - a +0 mace (weapon)
Armour
 g - a +0 scale mail (worn)
Magical Staves
 h - a staff of poison {Norway}
Jewellery
 d - a +6 ring of strength (left hand)
 e - an amulet of magic regeneration
Scrolls
 i - a scroll of identify
Potions
 b - a potion of lignification {unknown}
 c - a potion of ambrosia
 f - a potion of heal wounds
 l - a potion of curing {unknown}
 n - a potion of attraction {unknown}


   Skills:
 + Level 5.0 Fighting
 + Level 5.0 Maces & Flails
 - Level 3.2 Dodging
 - Level 1.5 Stealth


You had 3 spell levels left.
You didn't know any spells.
Your spell library was empty.

Dungeon Overview and Level Annotations

Branches:
Dungeon (3/15)

Altars:


Innate Abilities, Weirdness & Mutations

You have a pair of horns on your head.
You reflexively headbutt those who attack you in melee.


Message History

The gnoll shouts!
You hit the gnoll. Your headbutt misses the gnoll.
The gnoll is lightly wounded.
The gnoll hits you with a +0 club. The gnoll completely misses you.
You barely miss the gnoll.
The gnoll is lightly wounded.
The gnoll hits you with a +0 club!
The gnoll hits you from afar with a +0 spear.
The gnoll hits you with a +0 club.
You hit the gnoll but do no damage.
The gnoll is lightly wounded.
The gnoll barely misses you. The gnoll hits you with a +0 club.
You barely miss the gnoll.
The gnoll is lightly wounded.
The gnoll barely misses you. x2; You furiously retaliate!
You headbutt the gnoll. You thump the gnoll!
You kill the gnoll!
The gnoll hits you from afar with a +0 halberd.
Your Fighting skill increases to level 5!
Your Maces & Flails skill increases to level 5!
There is an open door here.
Unknown command.
You close the door.
A gnoll opens the door.
The gnoll hits you from afar with a +0 halberd.
The gnoll barely misses you.
The gnoll hits you from afar with a +0 halberd!
* * * LOW HITPOINT WARNING * * *
You feel much better. The gnoll misses you.
The gnoll hits you from afar with a +0 halberd.
The gnoll hits you from afar with a +0 spear.
The gnoll hits you with a +0 halberd.
You barely miss the gnoll. The gnoll barely misses you. x2
You closely miss the gnoll. The gnoll closely misses you.
The gnoll hits you from afar with a +0 spear!
* * * LOW HITPOINT WARNING * * *
You hit the gnoll.
The gnoll is moderately wounded.
The gnoll hits you with a +0 halberd!
You die...

##.###.#########
...# #.........#
...###.#######†#####
#.# .......#
#.........####.###
......##
#.###.###........#
#.##### #.#
#..###.#.# #.# #.#
#..# #.#.# #.#
#.###.###g.# #.#.#
#+# #....).@gg.#
#.#.#
#####.####.###.#.# #
#.# #..g.g..# ## #.
#####.#.## ##. #.
####.)..####.. ..
........g...'g† #.
#####....####.. #.
#.#.## ##. #..### ##


You could see 3 gnolls.

Vanquished Creatures
  A gnoll (D:3)
  3 adders
  A dart slug (D:1)
  4 bats
  An endoplasm (D:1)
  3 giant cockroaches
  4 goblins
  A hobgoblin (D:1)
  3 quokkas (D:2)
  6 ball pythons
  3 frilled lizards (D:1)
  4 kobolds
  7 rats
41 creatures vanquished.

Notes
Turn   | Place    | Note
-------+----------+-------------------------------------------
     0 | D:1      | FrostSilk the Minotaur Monk began the quest for the Orb.
     0 | D:1      | Reached XP level 1. HP: 19/19 MP: 0/0
   574 | D:1      | Reached XP level 2. HP: 27/27 MP: 1/1
  1252 | D:2      | Found a faded altar of an unknown god.
  1332 | D:2      | Reached XP level 3. HP: 34/34 MP: 2/2
  2239 | D:3      | Reached XP level 4. HP: 41/41 MP: 3/3
  2254 | D:3      | Reached skill level 5 in Fighting
  2254 | D:3      | Reached skill level 5 in Maces & Flails
  2283 | D:3      | Slain by a gnoll

Illustrated notes

Levels and vault maps discovered:
D:1:      minmay_arrival_widening_spiral_wide, layout_basic,
          serial_co_window_serial, co_window_cross_1, co_window_corner_a,
          co_window_corner_a, co_window_paths_b, co_window_corner_a,
          co_window_broadway_b, co_window_of_opportunity_b,
          co_window_unsneaky_path_c, co_window_of_opportunity_c,
          co_window_unsneaky_path_d, co_window_paths_d, co_window_4corner_b,
          glass_columns_a, minmay_hexomino_f4
D:2:      layout_basic, serial_rivers, chequers_serial_rivers_marsh,
          chequers_serial_rivers_large_a, chequers_serial_rivers_micro_d,
          chequers_serial_rivers_micro_e, ebering_ecumenical_altar_mist
D:3:      layout_loops_corners

Skill      XL: |  1  2  3  4 |
---------------+-------------+-----
Fighting       | 4 5 |  5.0
Maces & Flails | 4 5 |  5.0
Dodging        | |  3.2
Stealth        | |  1.5

Action                   |  1- 3 |  4- 6 || total
-------------------------+-------+-------++-------
Melee: Mace              |    64 |     8 ||    72
       Headbutt          |    10 |       ||    10
       Punch             |     1 |       ||     1
  Use: Scroll            |     6 |       ||     6
       Potion            |       |     1 ||     1
Armor: Scale mail        |    30 |       ||    30
       Ring mail         |     1 |       ||     1
Dodge: Dodged            |    26 |     9 ||    35
